 Dungeon Crawl Stone Soup version 0.32-a0-732-ga344392067 (webtiles) character file.

Game seed: 18311046146418477206

211 gimp the Trooper (level 5, 0/44 HPs)
             Began as a Coglin Wanderer on Mar 16, 2024.
             Slain by Blork the orc
             ... wielding a +3 mace
              (3 damage)
             ... on level 4 of the Dungeon.
             The game lasted 00:06:19 (2630 turns).

gimp the Trooper (Coglin Wanderer)                  Turns: 2630, Time: 00:06:19

Health: 0/44       AC:  6    Str: 17    XL:     5   Next: 88%
Magic:  6/6        EV:  8    Int: 10    God:
Gold:   26         SH:  0    Dex: 12    Spells: 5/6 levels left

rFire   . . .        a - +0 rapier {Ramose}
rCold   . . .        l - +0 dagger (vamp) {Aida}
rNeg    . . .        b - +0 scale mail
rPois   .            (no helmet)
rElec   .            (no cloak)
rCorr   .            (no gloves)
SInv    .            (no boots)
Will    .....        (amulet unavailable) Stlth
                     (ring unavailable)
HPRegen 0.27/turn    (ring unavailable)
MPRegen 0.10/turn    (no gizmo)

%: no passive effects
@: brilliant, revved
A: off-hand wielding, slow wielding, warmup strikes, no jewellery
a: Invent Gizmo


You were on level 4 of the Dungeon.
You visited 2 branches of the dungeon, and saw 5 of its levels.

You collected 122 gold pieces.
You spent 96 gold pieces at shops.

Inventory:

Hand Weapons
 a - a +0 rapier (weapon) {Ramose}
 l - a +0 vampiric dagger (offhand) {Aida}
 s - a +0 hand axe
Armour
 b - a +0 scale mail (worn)
Wands
 q - a wand of warping (10)
Scrolls
 c - a scroll of blinking
 d - a scroll of teleportation {unknown}
 g - a scroll of immolation {unknown}
 j - 2 scrolls of fear
 m - 2 scrolls of poison {unknown}
 n - a scroll of enchant weapon {unknown}
 o - 2 scrolls of vulnerability {unknown}
 t - a scroll of fog
Potions
 f - a potion of enlightenment {unknown}
 h - a potion of brilliance
 i - a potion of berserk rage
 k - 2 potions of resistance
 p - a potion of cancellation
 r - a potion of haste


   Skills:
 - Level 5.1 Fighting
 - Level 4.5 Short Blades
 * Level 0.3 Axes
 + Level 1.5 Armour
 - Level 1.0 Spellcasting
 - Level 2.6 Conjurations


You had 5 spell levels left.
You knew the following spells:

 Your Spells              Type           Power      Damage    Failure   Level
a - Magic Dart            Conj           32%        1d4       36%         1

Your spell library contained the following spells:

 Spells                   Type           Power      Damage    Failure   Level
 Sandblast                Erth           0%         2d4       75%         1
 Ensorcelled Hibernation  Hex/Ice        0%         N/A       87%         2
 Dazzling Flash           Conj/Hex       8%         N/A       90%         3
 Confusing Touch          Hex            0%         N/A       98%         3
 Sigil of Binding         Hex            0%         N/A       98%         3
 Leda's Liquefaction      Alch/Erth      0%         N/A       100%        4


Dungeon Overview and Level Annotations

Branches:
Dungeon (4/15)             Temple (1/1) D:4

Altars:
Ashenzari
Dithmenos
Elyvilon
Gozag
Hepliaklqana
Kikubaaqudgha
Nemelex Xobeh
Okawaru
Qazlal
Sif Muna
Uskayaw
Vehumet
Wu Jian
Xom
Yredelemnul
Zin
The Shining One

Shops:
D:3 ?

Annotations:
D:4 Blork the orc, Edmund


Innate Abilities, Weirdness & Mutations

You can wield a second weapon in your off-hand.
It takes a long time for you to wield or remove held weapons.
Your first few attacks do less damage.
You cannot equip rings or amulets.


Message History

The magic dart hits you but does no damage.
You barely miss the adder with your +0 rapier.
You miss the adder with your +0 vampiric dagger.
The adder completely misses you.
You miss the adder with your +0 rapier.
You hit the adder with your +0 vampiric dagger.
You feel better. The adder bites you.
You are poisoned.
The adder poisons you!
You take 1 damage, and have 35/44 hp.
You barely miss the adder with your +0 rapier.
The adder is lightly wounded.
You barely miss the adder with your +0 vampiric dagger.
You feel sick.
The adder bites you but does no damage. x2
You take 1 damage, and have 34/44 hp.
You barely miss the adder with your +0 rapier.
The adder is lightly wounded.
You hit the adder with your +0 vampiric dagger.
You feel better.
You feel sick. The adder bites you.
You are more poisoned.
The adder poisons you!
You take 1 damage, and have 33/44 hp.
You closely miss the adder with your +0 vampiric dagger.
The adder is moderately wounded.
You miss the adder with your +0 rapier.
You feel sick. The adder bites you but does no damage.
You take 2 damage, and have 31/44 hp.
You hit the adder with your +0 vampiric dagger.
The adder is heavily wounded.
You hit the adder but do no damage.
You feel sick. The adder bites you but does no damage.
You take 2 damage, and have 29/44 hp.
You hit the adder with your +0 rapier.
The adder is severely wounded.
You hit the adder with your +0 vampiric dagger.
You feel better.
You feel sick. The adder bites you but does no damage.
Blork the orc frowns.
Blork the orc miscasts a cantrip.
You completely miss the adder with your +0 vampiric dagger.
The adder is almost dead.
You miss the adder with your +0 rapier.
You feel sick. The adder bites you but does no damage.
You hit the adder but do no damage.
The adder is almost dead.
You barely miss the adder with your +0 vampiric dagger.
You feel sick. The adder closely misses you.
You take 1 damage, and have 28/44 hp.
You closely miss the adder with your +0 rapier.
The adder is almost dead.
You barely miss the adder with your +0 vampiric dagger.
You feel sick. The adder barely misses you.
You take 1 damage, and have 27/44 hp.
You hit Blork the orc but do no damage.
You hit Blork the orc with your +0 rapier.
You hit Blork the orc with your +0 rapier.
Blork the orc is lightly wounded.
You hit Blork the orc but do no damage.
You feel sick.
You take 1 damage, and have 26/44 hp.
You hit Blork the orc but do no damage.
Blork the orc is lightly wounded.
You hit Blork the orc with your +0 vampiric dagger.
You feel sick.
You are no longer poisoned.
Blork the orc frowns.
Blork the orc hits you with a +3 mace.
You take 1 damage, and have 25/44 hp.
You hit Blork the orc but do no damage.
Blork the orc is lightly wounded.
You barely miss Blork the orc with your +0 rapier.
Blork the orc grins evilly.
Blork the orc hits you with a +3 mace!
You take 7 damage, and have 18/44 hp.
You are too injured to fight recklessly!
You are too injured to fight recklessly!
You are too injured to fight recklessly!
You hit Blork the orc with your +0 vampiric dagger.
Blork the orc is moderately wounded.
You closely miss Blork the orc with your +0 rapier.
Blork the orc frowns.
Blork the orc hits you but does no damage.
You hit Blork the orc with your +0 vampiric dagger.
Blork the orc is heavily wounded.
You hit Blork the orc with your +0 rapier.
Blork the orc hits you but does no damage.
You hit Blork the orc but do no damage.
Blork the orc is heavily wounded.
You hit Blork the orc with your +0 rapier.
Blork the orc points at you and mumbles some strange words.
The puff of frost hits you!
* * * LOW HITPOINT WARNING * * *
You take 6 damage, and have 12/44 hp.
You hit Blork the orc with your +0 vampiric dagger.
Blork the orc is severely wounded.
You hit Blork the orc but do no damage. Blork the orc hits you with a +3 mace!
* * * LOW HITPOINT WARNING * * *
You take 9 damage, and have 3/44 hp.
MASSIVE DAMAGE!!
It was a potion of brilliance.
You feel clever all of a sudden. Blork the orc hits you with a +3 mace.
You die...

#.... #. #..
#..####.####.... ... ..$
...............## #..##..
#........##...... .....
#........#...#... . ....
#..#.#...#.###..> ...##..
#..#.........#...
......B##..#.............
......So@.....(........##
...###.##..#.#.#..#.#...#
...............#.....#
###.##................
#...................
........#.#...####.#
#...#.#.#...........
....#.#.#.##.....#..
.....#.#.#...........


You could see Blork the orc, an adder and a giant cockroach.

Vanquished Creatures
  A bombardier beetle (D:3)
  Natasha (thrice) (D:2)
  4 adders
  4 orcs (D:3)
  4 ball pythons (D:1)
  5 endoplasms
  8 giant cockroaches
  6 goblins
  4 hobgoblins
  6 jackals (D:2)
  3 quokkas
  8 bats
  6 frilled lizards
  4 kobolds
  2 rats
68 creatures vanquished.

Notes
Turn   | Place    | Note
-------+----------+-------------------------------------------
     0 | D:1      | gimp the Coglin Wanderer began the quest for the Orb.
     0 | D:1      | gimp set off with the following items: a +0 rapier
                  | {Ramose}, a +0 scale mail, a scroll of blinking, a +0
                  | dagger {Fritz}; and the following spell memorised: Magic
                  | Dart; and the following spells available to memorise:
                  | Dazzling Flash.
     0 | D:1      | Reached XP level 1. HP: 13/13 MP: 2/2
   251 | D:1      | Reached skill level 1 in Fighting
   368 | D:1      | Reached XP level 2. HP: 21/21 MP: 3/3
   708 | D:2      | Reached skill level 2 in Fighting
   827 | D:2      | Reached XP level 3. HP: 22/28 MP: 4/4
   964 | D:2      | Reached skill level 3 in Fighting
  1090 | D:2      | Got the Catalogue of Enchanted Excavation
  1396 | D:2      | Found a faded altar of an unknown god.
  1586 | D:3      | Reached XP level 4. HP: 28/36 MP: 5/5
  1712 | D:3      | Noticed Natasha
  1823 | D:2      | Killed Natasha
  1824 | D:2      | Reached skill level 4 in Fighting
  1879 | D:2      | Noticed Natasha
  1888 | D:2      | Killed Natasha
  1889 | D:2      | Reached XP level 5. HP: 43/43 MP: 6/6
  1953 | D:2      | Noticed Natasha
  1965 | D:2      | Killed Natasha
  2003 | D:3      | Reached skill level 5 in Fighting
  2035 | D:3      | Found a shimmering blue altar of Sif Muna.
  2037 | D:3      | Found a broken altar of Ashenzari.
  2150 | D:3      | Found a shimmering altar of Xom.
  2209 | D:3      | Found a basalt altar of Yredelemnul.
  2258 | D:3      | Found a white marble altar of Elyvilon.
  2463 | D:3      | Found Remneis's Magic Scroll Emporium.
  2466 | D:3      | Bought a scroll of fog for 48 gold pieces
  2466 | D:3      | Bought a scroll of fear for 48 gold pieces
  2528 | D:4      | Noticed Edmund
  2576 | D:4      | Found a staircase to the Ecumenical Temple.
  2585 | Temple   | Entered the Ecumenical Temple
  2605 | D:4      | Noticed Blork the orc
  2630 | D:4      | Slain by Blork the orc

Illustrated notes

Levels and vault maps discovered:
D:1:      dpeg_arrival_castle, layout_loops_ring, chequers_garden
D:2:      layout_basic, serial_forest, infiniplex_forest_end_1,
          infiniplex_forest_lined_room_, infiniplex_forest_lined_1,
          infiniplex_forest_side_room, infiniplex_forest_end_2,
          infiniplex_forest_end_double, infiniplex_forest_pool,
          infiniplex_forest_end_double, shapermc_ecumenical_altar_ellora,
          nrook_campfire, chequers_serial_rivers_marsh, grunt_ministairs_10
D:3:      layout_rooms, mainiacjoe_overflow_boulevard, elyvilon_altar_5,
          chequers_temple_overflow_statue_of_worship,
          mainiacjoe_overflow_surrounded_room, serial_shops,
          nicolae_shop_rolled_up, chequers_serial_rivers_micro_e,
          kennysheep_generic_room_8, uniq_natasha
D:4:      layout_basic, minmay_temple_entry_tees, goddamned_bats, uniq_edmund,
          uniq_blork_the_orc
Temple:   nicolae_temple_slightly_damp_pantheon

Skill      XL: |  1  2  3  4  5 |
---------------+----------------+-----
Fighting       | 1 2 3 4 5 |  5.1
Short Blades   | |  4.5
Axes           | |  0.3
Armour         | |  1.5
Spellcasting   | |  1.0
Conjurations   | |  2.6

Action                     |  1- 3 |  4- 6 || total
---------------------------+-------+-------++-------
  Melee: Rapier            |   105 |   134 ||   239
         Dagger            |    98 |   126 ||   224
   Cast: Magic Dart        |     1 |       ||     1
    Use: Scroll            |       |     4 ||     4
         Potion            |       |     1 ||     1
 Armour: Scale mail        |   103 |   106 ||   209
  Dodge: Dodged            |    60 |    44 ||   104

Table legend: (Time is in decaauts)
 A = Elapsed time spent in this place.
 B = Non-inter-level travel time spent in this place.
 C = Inter-level travel time spent in this place.
 D = Time resting spent in this place.
 E = Time spent auto-exploring this place.
 F = Levels seen in this place.
 G = Mean time per level.
                   A        B        C        D        E       F      G
               +--------+--------+--------+--------+--------+-----+--------+
         Total |   2608 |   2485 |    123 |      3 |   1864 |   5 |  521.6 |
       Dungeon |   2606 |   2483 |    123 |      3 |   1864 |   4 |  651.5 |
        Temple |      1 |      1 |      0 |      0 |      0 |   1 |    1.0 |
               +--------+--------+--------+--------+--------+-----+--------+

Top non-repeatable levels by time:
     D:2: 1126 daAuts
     D:3: 724 daAuts
     D:1: 680 daAuts
     D:4: 74 daAuts
  Temple: 1 daAuts
